 Dungeon Crawl Stone Soup version 0.28-a0-697-g47f3eba078 (webtiles) character file.

Game seed: 2893777509381732234

148 KoroneIsBestGirl the Chiller (level 5, -2/35 HPs)
             Began as a Barachi Ice Elementalist on Oct 23, 2021.
             Slain by Robin (6 damage)
             ... on level 3 of the Dungeon.
             The game lasted 00:03:29 (3064 turns).

KoroneIsBestGirl the Chiller (BaIE)                 Turns: 3064, Time: 00:03:29

Health: -2/35      AC:  2    Str:  6 (9)  XL:     5   Next: 30%
Magic:  4/9        EV: 12    Int: 15 (17) God:
Gold:   85         SH:  6    Dex: 11 (12) Spells: 6/10 levels left

rFire   . . .      SeeInvis .   f - +2 dagger (elec)
rCold   . . .      Faith    .   j - +2 buckler
rNeg    . . .      Spirit   .   a - +0 robe
rPois   .          Reflect  .   (no helmet)
rElec   .          Harm     .   (no cloak)
rCorr   .          Rampage  .   (no gloves)
Will    .....                   (no boots)
Stlth   ++........              (no amulet)
HPRegen 0.11/turn               (no ring)
MPRegen 0.11/turn               (no ring)

@: lethally poisoned (-2 -> -7), unable to hop, freezing walls, slow
A: amphibious, slowness 1, strong legs 1, +LOS
a: Hop


You were on level 3 of the Dungeon.
You visited 1 branch of the dungeon, and saw 3 of its levels.

You collected 85 gold pieces.

Inventory:

Hand Weapons
 b - a +0 dagger
 f - a +2 dagger of electrocution (weapon)
Armour
 a - a +0 robe (worn)
 j - a +2 buckler (worn)
Scrolls
 d - a scroll of immolation {unknown}
 e - a scroll of noise {unknown}
 h - a scroll of fog {unknown}
 i - a scroll of identify {unknown}


   Skills:
 + Level 1.5 Short Blades
 + Level 3.5 Dodging
 - Level 1.7 Stealth
 * Level 1.6 Shields
 + Level 3.2 Spellcasting
 + Level 5.6 Ice Magic


You had 6 spell levels left.
You knew the following spells:

 Your Spells              Type           Power      Damage    Failure   Level
a - Freeze                Ice            76%        1d9       2%          1
b - Frozen Ramparts       Ice            38%        1d5       8%          3

Your spell library contained the following spells:

 Spells                   Type           Power      Damage    Failure   Level
 Ozocubu's Armour         Ice            19%        N/A       8%          3
 Blink                    Tloc           N/A        N/A       38%         2
 Hailstorm                Conj/Ice       10%        3d5       63%         4
 Manifold Assault         Tloc           2%         N/A       100%        5
 Storm Form               Tmut/Air       1%         N/A       100%        7


Dungeon Overview and Level Annotations

Branches:
Dungeon (3/15)

Altars:
Fedhas

Shops:
D:1 =

Annotations:
D:3 Robin


Innate Abilities, Weirdness & Mutations

You are amphibious.
You cover ground slowly.
You can hop short distances.
You have an extended range of vision and can be seen from far away.


Message History

The wall freezes Robin.
Robin roars a battlecry!
The hobgoblins go into a battle-frenzy!
The wall freezes the hobgoblin.
You kill the hobgoblin!
The frozen ramparts melt away.
Robin hits you from afar with a +3 spear of venom.
You are poisoned.
You feel very sick.
Robin hits you from afar with a +3 spear of venom.
Hop to where?
Press: ? - help, Dir - move target Boing!
You feel very sick.
Casting: Frozen Ramparts (dangerous; 7% risk of failure)
Confirm with . or Enter, or press ? or * to list all spells.
Casting: Frozen Ramparts (dangerous; 7% risk of failure)
Press: ? - help, Dir - look around, f - activate The walls around you are covered in ice.
* * * LOW HITPOINT WARNING * * *
You feel very sick.
Okay, then.
It was a potion of degeneration.
There was something very wrong with that liquid.
You feel weakened.
You feel dopey.
You feel clumsy.
* * * LOW HITPOINT WARNING * * *
You feel sick.
As you read the scroll labelled VUB HACSOJEYS, it crumbles to dust.
You feel aware of your surroundings.
It was a scroll of magic mapping.
* * * LOW HITPOINT WARNING * * *
You feel sick.
The wall freezes Robin.
As you read the scroll labelled BOUROSM KIPT, it crumbles to dust.
It is a scroll of amnesia.
Really abort (and waste the scroll)?
Okay, then.
* * * LOW HITPOINT WARNING * * *
You feel sick.
The wall freezes Robin.
Robin laughs in a distinctly smug fashion.
Robin hits you from afar with a +3 spear of venom.
You die...

*,* *,, *,* **+ *,*
*, ###*********,* *,
#..,,,,,,,**,* *,
#.#******,**,* *, #.#
*,**,## *, ###.#####
*,*...#* *,
#...@.gg###).....***,
#.#.###).).).....,,,,
#.#.# #####)##.##****
#.#.#######.**,*
#...........**,*
#..#####.#####+##
#..# #.# ##...##
#..#####.###.....##
#.....##.##.(.....##


You could see Robin and a hobgoblin (strong).

Vanquished Creatures
  Jessica (D:2)
  An iguana (D:3)
  2 adders (D:2)
  A worm (D:2)
  A dart slug (D:2)
  4 ball pythons (D:1)
  5 endoplasms
  10 giant cockroaches
  13 goblins
  9 hobgoblins
  3 jackals (D:2)
  A kobold (D:1)
  A quokka (D:2)
  A bat (D:2)
  8 frilled lizards
  5 rats
66 creatures vanquished.

Notes
Turn   | Place    | Note
-------+----------+-------------------------------------------
     0 | D:1      | KoroneIsBestGirl the Barachi Ice Elementalist began the
                  | quest for the Orb.
     0 | D:1      | Reached XP level 1. HP: 13/13 MP: 3/3
    90 | D:1      | Reached skill level 5 in Ice Magic
    90 | D:1      | Reached XP level 2. HP: 14/19 MP: 1/5
   753 | D:1      | Found Pomoot's Jewellery Boutique.
  1532 | D:1      | Reached XP level 3. HP: 24/24 MP: 4/7
  2086 | D:2      | Learned a level 3 spell: Frozen Ramparts
  2412 | D:2      | Reached XP level 4. HP: 30/30 MP: 4/8
  2478 | D:2      | Noticed Jessica
  2479 | D:2      | Found a blossoming altar of Fedhas.
  2484 | D:2      | Reached skill level 1 in Short Blades
  2497 | D:2      | Killed Jessica
  2516 | D:2      | Reached skill level 1 in Shields
  2754 | D:2      | Found a faded altar of an unknown god.
  2909 | D:3      | Reached XP level 5. HP: 35/35 MP: 5/9
  3046 | D:3      | Noticed Robin
  3064 | D:3      | Slain by Robin

Illustrated notes

Levels and vault maps discovered:
D:1:      dpeg_arrival_round_c, layout_basic, serial_shops,
          nicolae_shop_statue_plus
D:2:      minmay_roachtagon, layout_rooms, basic_altar,
          hellmonk_ecumenical_altar_leap_of_faith, minmay_splitting_lines,
          minmay_tetromino_t4, uniq_jessica
D:3:      minmay_chambers_of_twos, layout_loops_corners, uniq_grinder,
          uniq_sigmund, uniq_crazy_yiuf_cottage, uniq_robin

Skill      XL: |  1  2  3  4 |
---------------+-------------+-----
Ice Magic      | 5 |  5.6
Dodging        | 3 |  3.5
Spellcasting   | 3 |  3.2
Short Blades   | 1 |  1.5
Shields        | 1 |  1.6
Stealth        | |  1.7

Action                   |  1- 3 |  4- 6 || total
-------------------------+-------+-------++-------
Melee: Dagger            |    36 |     5 ||    41
 Cast: Freeze            |    46 |    11 ||    57
       Frozen Ramparts   |     1 |     5 ||     6
 Abil: Hop               |     1 |     2 ||     3
  Use: Scroll            |       |     2 ||     2
       Potion            |       |     1 ||     1
Armor: Robe              |    13 |     2 ||    15
Dodge: Dodged            |    42 |    13 ||    55
Block: Buckler           |       |     5 ||     5

Table legend: (Time is in decaauts)
 A = Elapsed time spent in this place.
 B = Non-inter-level travel time spent in this place.
 C = Inter-level travel time spent in this place.
 D = Time resting spent in this place.
 E = Time spent auto-exploring this place.
 F = Levels seen in this place.
 G = Mean time per level.
                   A        B        C        D        E       F      G
               +--------+--------+--------+--------+--------+-----+--------+
         Total |   3344 |   3275 |     69 |    413 |   2487 |   3 | 1114.7 |
       Dungeon |   3344 |   3275 |     69 |    413 |   2487 |   3 | 1114.7 |
               +--------+--------+--------+--------+--------+-----+--------+

Top non-repeatable levels by time:
     D:1: 1990 daAuts
     D:2: 1146 daAuts
     D:3: 207 daAuts
